 Dungeon Crawl Stone Soup version 0.30-a0-377-g5cb311bc9f (webtiles) character file.

Game seed: 1683133905041123008

184464 zishaf the Champion of Chaos (level 19, -15/148 HPs)
             Began as a Djinni Venom Mage on Nov 28, 2022.
             Was the Champion of Makhleb.
             Killed from afar by an eleionoma (26 damage)
             ... with a spray of wooden splinters
             ... on level 3 of the Swamp.
             The game lasted 01:15:25 (31928 turns).

zishaf the Champion of Chaos (Djinni Venom Mage)   Turns: 31928, Time: 01:15:25

Health: -15/148    AC:  9    Str:  8    XL:     19   Next: 10%
Gold:   1681       EV: 10    Int: 25    God:    Makhleb [******] SH: 30 Dex: 24

rFire   + + +      SeeInvis .    a - +6 sling "Woul" {vorpal, rF+ rC++ Dex+5}
rCold   + + +      Faith    .    O - +7 tower shield {rC+}
rNeg    + + +      Spirit   .    B - +0 steam dragon scales
rPois   ∞          Reflect  +    M - +1 helmet "Qaegugg" {rN++ rCorr Slay+2 Stlth-}
rElec   .          Harm     .    A - +0 cloak
rCorr   +          Rampage  .    e - +0 pair of gloves
Will    +....      Clarity  +    (boots unavailable)
Stlth   +.........               v - amulet of reflection
HPRegen 1.24/turn                T - ring "Aroeg" {rN+ Str+3 Dex+5 Slay+4}
MPRegen 0.00/turn                S - ring of protection from cold

@: flying
A: sickness immunity, fire resistance 2, cold vulnerability 1, float, innate
caster, HP casting, extra vitality 1, clarity, regeneration 1, weak 1
a: Renounce Religion, Minor Destruction, Lesser Servant of Makhleb, Major
Destruction, Greater Servant of Makhleb


You were on level 3 of the Swamp.
You worshipped Makhleb.
Makhleb was exalted by your worship.
You visited 6 branches of the dungeon, and saw 29 of its levels.
You also visited: Ice Cave.

You collected 2756 gold pieces.
You spent 1075 gold pieces at shops.

Inventory:

Hand Weapons
 a - the +6 sling "Woul" (weapon) {vorpal, rF+ rC++ Dex+5}
   (You took it off an orc on level 8 of the Dungeon)

   Any ammunition fired from it inflicts extra damage upon your enemies.
   Dex:       It affects your dexterity (+5).
   rF:        It protects you from fire.
   rC:        It greatly protects you from cold.
 b - the +8 flail of Untimely Demise {vorpal, +Blink Int+2}
   (You found it on level 4 of the Dungeon)

   It inflicts extra damage upon your enemies.
   Int:       It affects your intelligence (+2).
   +Blink:    It lets you blink.
 N - a +2 broad axe of freezing
 R - a +0 double sword
Missiles
 j - 5 throwing nets
Armour
 e - a +0 pair of gloves (worn)
 A - a +0 cloak (worn)
 B - +0 steam dragon scales (worn)
 H - the +0 leather armour "Zusuteam" {rC+ Str+4 Dex+3}
   (You found it on level 1 of the Lair of Beasts)

   Str:       It affects your strength (+4).
   Dex:       It affects your dexterity (+3).
   rC:        It protects you from cold.
 M - the +1 helmet "Qaegugg" (worn) {rN++ rCorr Slay+2 Stlth-}
   (You found it in an ice cave)

   Slay:      It affects your accuracy & damage with ranged weapons and melee
   (+2).
   rN:        It greatly protects you from negative energy.
   rCorr:     It protects you from acid and corrosion.
   Stlth:     It makes you less stealthy.
 O - a +7 tower shield of cold resistance (worn)
Magical Staves
 P - a staff of cold
Jewellery
 p - a ring of protection from fire
 v - an amulet of reflection (around neck)
 Q - the ring of Amelioration {Fire Will+ Str+5}
   (You found it on level 5 of the Lair of Beasts)

   [ring of fire]

   It enhances your fire magic.
   Str:       It affects your strength (+5).
   rF:        It protects you from fire.
   rC:        It makes you vulnerable to cold.
   Will:      It increases your willpower.
 S - a ring of protection from cold (right hand)
 T - the ring "Aroeg" (left hand) {rN+ Str+3 Dex+5 Slay+4}
   (You found it on level 13 of the Dungeon)

   [ring of slaying]

   Str:       It affects your strength (+3).
   Dex:       It affects your dexterity (+5).
   Slay:      It affects your accuracy & damage with ranged weapons and melee
   (+4).
   rN:        It protects you from negative energy.
Wands
 f - a wand of charming (10)
 l - a wand of roots (28)
 x - a wand of quicksilver (30)
 E - a wand of digging (5)
 F - a wand of flame (24)
 J - a wand of mindburst (44)
Scrolls
 c - 9 scrolls of teleportation
 h - 6 scrolls of poison
 k - a scroll of brand weapon
 n - 4 scrolls of butterflies
 o - 4 scrolls of blinking
 q - a scroll of summoning
 w - a scroll of magic mapping
 y - 2 scrolls of enchant weapon
 G - 5 scrolls of fear
 K - 12 scrolls of identify
Potions
 d - 9 potions of curing
 g - 4 potions of berserk rage
 i - 4 potions of haste
 m - 5 potions of might
 r - 5 potions of resistance
 s - 10 potions of heal wounds
 t - 3 potions of brilliance
 u - 2 potions of invisibility
 z - 4 potions of cancellation
 C - 3 potions of lignification
 D - a potion of mutation
 I - 4 potions of ambrosia
Miscellaneous
 L - a phial of floods
 U - a condenser vane


   Skills:
 + Level 17.3 Fighting
 - Level 2.1 Dodging
 - Level 1.5 Stealth
 - Level 9.0 Shields
 + Level 14.1 Spellcasting
 + Level 17.6 Invocations
 + Level 6.5 Evocations


You couldn't memorise any spells.
You knew the following spells:

 Your Spells              Type           Power      Damage    Failure   Level
a - Vampiric Draining     Necr           73%        2d11      1%          3
b - Poisonous Vapours     Pois/Air       100%       N/A       1%          2
c - Stone Arrow           Conj/Erth      100%       3d13      1%          3
d - Dispersal             Tloc           36%        N/A       11%         6
e - Petrify               Tmut/Erth      73%        N/A       1%          4
f - Freezing Cloud        Conj/Ice/Air   36%        6-21      1%          5
z - Mephitic Cloud        Conj/Pois/Air  73%        N/A       1%          3
A - Olgreb's Toxic Radia  Pois           73%        N/A       1%          4
B - Static Discharge      Conj/Air       100%       2-7/arc   1%          2
C - Summon Cactus Giant   Summ           36%        N/A       11%         6
D - Simulacrum            Ice/Necr       36%        N/A       11%         6
M - Summon Small Mammal   Summ           100%       N/A       1%          1
S - Sting                 Tmut/Pois      100%       1d8       1%          1
Your spell library was empty.

Dungeon Overview and Level Annotations

Branches:
Dungeon (15/15)            Temple (1/1) D:4            Lair (5/5) D:8
  Swamp (3/4) Lair:3        Snake (3/4) Lair:2        Slime (0/5) Lair:4
    Orc (2/2) D:11            Elf (0/3) Orc:2        Vaults (0/5) D:13
 Depths (0/4) D:15          IceCv (visited)

Altars:
Ashenzari
Cheibriados
Dithmenos
Elyvilon
Fedhas
Gozag
Hepliaklqana
Makhleb
Nemelex Xobeh
Okawaru
Qazlal
Ru
Trog
Uskayaw
Wu Jian
Xom
Yredelemnul
Zin
The Shining One
Jiyva

Shops:
D:7 *   D:11 !   Orc:2 :!:*   Snake:3 =::


Innate Abilities, Weirdness & Mutations

You are immune to sickness and miasma.
You are immune to poison.
Your flesh is very heat resistant. (rF++)
You are vulnerable to cold. (rC-)
You float through the air rather than walking.
You learn spells naturally, not from books.
Your magical power is your life essence.
You have superior vitality. (+4 MHP)
You possess an exceptional clarity of mind.
Your natural rate of healing is unusually fast.
You are weak. (Str -2)


Message History

Casting: Stone Arrow (safe; 1% risk of failure)
Confirm with . or Enter, or press ? or * to list all spells.
Aiming: Stone Arrow (safe; 1% risk of failure)
Press: ? - help, Shift-Dir - straight line, f/p - eleionoma
Aim: an eleionoma (moderately wounded, 78% to hit)
The stone arrow hits the eleionoma!!
The eleionoma is heavily wounded.
* * * LOW HITPOINT WARNING * * *
You block the eleionoma's attack.
Casting: Stone Arrow (safe; 1% risk of failure)
Confirm with . or Enter, or press ? or * to list all spells.
Aiming: Stone Arrow (safe; 1% risk of failure)
Press: ? - help, Shift-Dir - straight line, f/p - eleionoma
Aim: an eleionoma (heavily wounded, 78% to hit)
The stone arrow hits the eleionoma!!
The eleionoma is severely wounded.
* * * LOW HITPOINT WARNING * * *
The eleionoma touches a tree and draws upon its vitality.
The eleionoma is healed.
Casting: Stone Arrow (safe; 1% risk of failure)
Confirm with . or Enter, or press ? or * to list all spells.
Aiming: Stone Arrow (safe; 1% risk of failure)
Press: ? - help, Shift-Dir - straight line, f/p - eleionoma
Aim: an eleionoma (moderately wounded, 78% to hit)
The stone arrow hits the eleionoma!!
The eleionoma is severely wounded.
* * * LOW HITPOINT WARNING * * *
The eleionoma hits you!
* * * LOW HITPOINT WARNING * * *
Casting: Stone Arrow (safe; 1% risk of failure)
Confirm with . or Enter, or press ? or * to list all spells.
Aiming: Stone Arrow (safe; 1% risk of failure)
Press: ? - help, Shift-Dir - straight line, f/p - eleionoma
Aim: an eleionoma (severely wounded, 78% to hit)
The stone arrow hits the eleionoma!
The eleionoma is severely wounded.
* * * LOW HITPOINT WARNING * * *
The eleionoma hurls a spray of splinters at you.
The spray of wooden splinters hits you!!
You die...

D.~~~~.♣.~~~♣#♣
.?~~~~.♣~~....♣♣.#
~§~~~~. ♣!.~~....#
♣)~.# ♣♣♣[~.#
♣~~~~.# ♣~~.~.##
♣R~§§.~♣..
♣.@~..§..[♣
♣...~..~§..♣♣
♣.~~~~..♣♣♣♣♣
♣.~~~~.~♣
§<~~~~.♣♣♣
~§~~~[~♣♣ ~~..♣♣♣
~§~~


You could see an eleionoma.

Vanquished Creatures
  Bai Suzhen (Swamp:3)
  Vashnia (Snake:2)
  A tentacled monstrosity (Swamp:1)
  Rupert (Lair:3)
  Gastronok (D:11)
  Donald (Orc:2)
  A fenstrider witch (Swamp:1)
  A nagaraja (Snake:3)
  An orc warlord (Orc:1)
  Aizul (Snake:2)
  2 eleionomae (Swamp:1)
  Azrael (Orc:1)
  A bunyip (Swamp:1)
  A fire dragon (D:15)
  Josephine (Orc:2)
  10 hydras
  A vault guard (D:13)
  An ice dragon (D:15)
  4 anacondas
  4 catoblepae
  11 centaur warriors
  An ironbound frostheart (IceCv)
  An ogre mage (D:15)
  3 boulder beetles
  12 death yaks
  The ghost of AigisTheKnight the Covert, a novice NaFE (D:9)
  A merfolk avatar (Lair:5)
  5 alligators
  12 two-headed ogres
  7 naga warriors
  A tengu warrior (D:15)
  13 naga sharpshooters
  A shock serpent (Snake:3)
  14 spriggans
  Nergalle (Orc:1)
  3 spriggan druids
  3 goliath frogs
  A sea snake (Lair:5)
  2 naga ritualists (Snake:1)
  A bog body (Swamp:1)
  A swamp dragon (Swamp:1)
  2 orc knights (Orc:2)
  A lindwurm (Lair:2)
  An orc sorcerer (Orc:2)
  A wizard (D:14)
  A deep elf pyromancer (D:12)
  3 mana vipers (Snake:2)
  4 nameless horrors
  A wolf spider (D:15)
  4 slime creatures
  9 ugly things
  7 salamanders
  6 cyclopes
  A will-o-the-wisp (Swamp:2)
  4 manticores
  An ice statue (IceCv)
  7 elephants
  23 black mambas
  An eye of devastation (shapeshifter) (D:15)
  A guardian serpent (Snake:2)
  6 naga magi
  A gargoyle (D:8)
  A torpor snail (Lair:4)
  The ghost of qeuew the Shield-Bearer, a novice FoFi of Gozag (D:5)
  Maggie (D:6)
  10 cane toads
  A kobold demonologist (D:11)
  3 unseen horrors
  2 freezing wraiths
  6 rime drakes
  9 komodo dragons
  2 efreet (D:14)
  A wind drake (Lair:5)
  3 trolls
  6 polar bears
  3 meliai (D:14)
  5 tyrant leeches
  12 hornets
  13 blink frogs
  4 dream sheep (Lair:4)
  8 wyverns
  8 wraiths
  A hog (shapeshifter) (D:13)
  3 basilisks
  2 shadows
  60 yaks
  Grum (Lair:1)
  A vampire (D:11)
  2 fire elementals
  10 vampire mosquitoes
  5 steam dragons
  Menkaure (D:6)
  4 wargs
  17 nagas
  9 swamp worms
  9 water moccasins
  2 acid dragons
  3 hell hounds
  2 swamp drakes (Swamp:1)
  35 orc warriors
  2 ice beasts (D:6)
  3 black bears
  4 ogres
  16 wolves
  19 centaurs
  3 boggarts (D:14)
  Blork the orc (D:6)
  2 phantoms (D:6)
  7 kobold brigands
  2 necrophages (D:8)
  7 bullfrogs
  2 gnoll sergeants
  2 scorpions (D:6)
  12 wights
  A killer bee (D:8)
  5 howler monkeys
  12 electric eels
  A torpor snail simulacrum (Lair:5)
  7 jellies
  3 hounds
  3 quasits (D:5)
  16 orc priests
  Jessica (D:3)
  2 gnoll boudas
  3 iguanas
  31 orc wizards
  8 adders
  16 gnolls
  A shadow imp (D:8)
  An ufetubus (D:6)
  3 worms
  2 dart slugs
  85 orcs
  7 ball pythons
  7 bats
  7 endoplasms
  2 giant cockroaches
  5 goblins
  11 hobgoblins
  2 jackals (D:1)
  4 quokkas
  2 frilled lizards
  28 kobolds
  4 rats
844 creatures vanquished.

Vanquished Creatures (collateral kills)
  The ghost of qeuew the Protected, a journeyman FoFi of Makhleb (Lair:5)
  A hydra (Lair:5)
  A ghost crab (Swamp:2)
  The ghost of Aneyh the Bludgeoner, a journeyman TeMo of Hepliaklqana (Swamp:1)
  A spectral death yak (Lair:5)
  2 naga ritualists
  A spectral hydra (Lair:5)
  A mana viper (Snake:1)
  A black mamba (Snake:1)
  2 cane toads (Lair:5)
  A hornet (Swamp:1)
  4 yaks (Lair:5)
  Edmund (D:4)
  A hydra simulacrum (Lair:5)
  A sky beast (D:6)
  An orc warrior (Orc:1)
  A black mamba simulacrum (Lair:5)
  4 wolves (Lair:5)
  2 centaurs (Orc:2)
  2 komodo dragon simulacra (Lair:5)
  3 orc priests
  An orc wizard (Orc:2)
34 creatures vanquished.

Vanquished Creatures (others)
  2 black mambas
  A bloated husk (Swamp:3)
  A polar bear (IceCv)
  A swamp worm (Swamp:2)
  A warg (Orc:2)
  A water moccasin (D:6)
  2 orc warriors (Orc:1)
  A wolf (IceCv)
  A bush (Lair:5)
  2 foxfires (Swamp:2)
  27 fungi
  62 plants
102 creatures vanquished.

Grand Total: 980 creatures vanquished

Notes
Turn   | Place    | Note
-------+----------+-------------------------------------------
     0 | D:1      | zishaf the Djinni Venom Mage began the quest for the Orb.
     0 | D:1      | zishaf set off with the following spells memorised: Sting,
                  | Poisonous Vapours, Mephitic Cloud, Olgreb's Toxic Radiance.
     0 | D:1      | Reached XP level 1. HP: 15/15 MP: 0/0
   272 | D:1      | Reached XP level 2. HP: 20/22 MP: 0/0
   445 | D:1      | Reached skill level 1 in Fighting
   796 | D:1      | Reached XP level 3. HP: 26/27 MP: 0/0
   796 | D:1      | Learned a level 1 spell: Summon Small Mammal
  1726 | D:2      | Reached XP level 4. HP: 24/32 MP: 0/0
  2422 | D:3      | Noticed Jessica
  2426 | D:3      | Killed Jessica
  2427 | D:3      | Reached XP level 5. HP: 26/38 MP: 0/0
  2427 | D:3      | Learned a level 2 spell: Static Discharge
  3268 | D:4      | Noticed Edmund
  3274 | D:4      | Killed Edmund
  3275 | D:4      | Reached XP level 6. HP: 45/46 MP: 0/0
  3302 | D:4      | Found a staircase to the Ecumenical Temple.
  3325 | D:4      | Identified the +8 flail of Untimely Demise {vorpal, +Blink
                  | Int+2}
  3334 | D:4      | HP: 2/46 [/static electricity (1)]
  3336 | D:4      | Reached XP level 7. HP: 1/50 MP: 0/0
  3336 | D:4      | Learned a level 3 spell: Stone Arrow
  3341 | D:4      | HP: 1/50 [kobold/stone (2)]
  3350 | Temple   | Entered the Ecumenical Temple
  3644 | Temple   | Became a worshipper of Makhleb the Destroyer
  3932 | D:4      | Reached skill level 1 in Invocations
  3938 | D:4      | Reached skill level 1 in Evocations
  4152 | D:4      | Reached skill level 5 in Spellcasting
  4159 | D:4      | Reached * piety under Makhleb
  4431 | D:5      | Entered Level 5 of the Dungeon
  4457 | D:5      | Reached XP level 8. HP: 36/58 MP: 0/0
  4559 | D:5      | Found a transporter.
  4562 | D:5      | Noticed qeuew's ghost (novice FoFi)
  5077 | D:5      | Found a glowing silver altar of Zin.
  5252 | D:5      | Found a stormy altar of Qazlal.
  5252 | D:5      | Found a sacrificial altar of Ru.
  5282 | D:5      | Found a transporter.
  6017 | D:6      | Noticed Maggie
  6022 | D:6      | Noticed Menkaure
  6034 | D:6      | Killed Menkaure
  6045 | D:6      | Killed Maggie
  6046 | D:6      | Reached skill level 1 in Shields
  6329 | D:6      | Noticed Blork the orc
  6340 | D:6      | Killed Blork the orc
  6341 | D:6      | Reached XP level 9. HP: 51/64 MP: 0/0
  6341 | D:6      | Learned a level 3 spell: Vampiric Draining
  6424 | D:6      | Found a shimmering altar of Xom.
  6435 | D:6      | Reached skill level 5 in Fighting
  6643 | D:6      | Reached skill level 5 in Invocations
  6977 | D:6      | Found a shadowy altar of Dithmenos.
  7299 | D:7      | Reached XP level 10. HP: 52/72 MP: 0/0
  7426 | D:7      | Reached ** piety under Makhleb
  7985 | D:7      | Found Leptot's Assorted Antiques.
  7991 | D:7      | Bought a helmet for 130 gold pieces
  8058 | D:7      | Reached skill level 5 in Shields
  8810 | D:8      | Found a staircase to the Lair.
  9401 | D:8      | Noticed a two-headed ogre
  9420 | D:8      | Killed a two-headed ogre
  9420 | D:8      | Reached *** piety under Makhleb
  9450 | D:8      | Reached XP level 11. HP: 80/81 MP: 0/0
  9450 | D:8      | Learned a level 4 spell: Petrify
  9695 | D:8      | Noticed a two-headed ogre
  9738 | D:8      | Killed a two-headed ogre
  9925 | D:8      | Identified the +6 sling "Woul" {vorpal, rF+ rC++ Dex+5}
 10172 | D:9      | Found a runed translucent gate.
 10172 | D:9      | Found a runed translucent gate.
 10172 | D:9      | Found a runed translucent gate.
 10263 | D:9      | Noticed a two-headed ogre
 10274 | D:9      | Killed a two-headed ogre
 10879 | D:9      | Reached **** piety under Makhleb
 11073 | D:9      | Noticed AigisTheKnight's ghost (novice NaFE)
 11130 | D:9      | Found a viscous altar of Jiyva.
 11154 | D:10     | Entered Level 10 of the Dungeon
 11250 | D:10     | Reached XP level 12. HP: 91/91 MP: 0/0
 11463 | D:10     | Reached skill level 10 in Fighting
 12574 | D:11     | Found Hinuly's Distillery.
 12741 | D:11     | Bought a potion of curing for 39 gold pieces
 12741 | D:11     | Bought a potion of mutation for 104 gold pieces
 12741 | D:11     | Bought a potion of heal wounds for 65 gold pieces
 12792 | D:11     | Found a staircase to the Orcish Mines.
 12861 | D:11     | Noticed a two-headed ogre
 12874 | D:11     | Killed a two-headed ogre
 12875 | D:11     | Reached skill level 10 in Invocations
 13423 | D:11     | Noticed Gastronok
 13434 | D:11     | Killed Gastronok
 13717 | Lair:1   | Entered Level 1 of the Lair of Beasts
 13833 | Lair:1   | Identified the +0 leather armour "Zusuteam" {rC+ Str+4
                  | Dex+3}
 14082 | Lair:1   | Reached ***** piety under Makhleb
 14574 | Lair:1   | Noticed Grum
 14589 | Lair:1   | Killed Grum
 14590 | Lair:1   | Reached XP level 13. HP: 87/99 MP: 0/0
 14590 | Lair:1   | Learned a level 5 spell: Freezing Cloud
 14816 | Lair:1   | Noticed a catoblepas
 14836 | Lair:1   | Killed a catoblepas
 15455 | Lair:2   | Noticed a catoblepas
 15526 | Lair:2   | Killed a catoblepas
 15720 | Lair:2   | Found a staircase to the Snake Pit.
 15727 | Lair:2   | Reached skill level 10 in Spellcasting
 16059 | Lair:3   | Noticed Rupert
 16078 | Lair:3   | Killed Rupert
 16174 | Lair:3   | Noticed a six-headed hydra
 16181 | Lair:3   | Killed a six-headed hydra
 16602 | Lair:3   | Noticed a seven-headed hydra
 16607 | Lair:3   | Killed a seven-headed hydra
 16698 | Lair:3   | Noticed a seven-headed hydra
 16701 | Lair:3   | Killed a seven-headed hydra
 16750 | Lair:3   | Found a staircase to the Swamp.
 16939 | Lair:4   | Reached XP level 14. HP: 95/108 MP: 0/0
 16958 | Lair:4   | Found a frozen archway.
 16986 | IceCv    | Entered an ice cave
 17283 | IceCv    | Identified the +1 helmet "Qaegugg" {rN++ rCorr Slay+2
                  | Stlth-}
 18116 | IceCv    | Reached ****** piety under Makhleb
 18960 | D:7      | Bought 2 scrolls of enchant armour for 435 gold pieces
 18988 | D:7      | Bought a potion of mutation for 232 gold pieces
 18989 | D:7      | Gained mutation: You occasionally shout uncontrollably at
                  | your foes. [potion of mutation]
 18990 | D:7      | Lost mutation: You occasionally shout uncontrollably at
                  | your foes. [potion of mutation]
 18990 | D:7      | Gained mutation: Your mind is acute. (Int +4, Str/Dex -1)
                  | [potion of mutation]
 18990 | D:7      | Gained mutation: You have a pair of small antennae on your
                  | head. [potion of mutation]
 18990 | D:7      | Gained mutation: Your natural rate of healing is unusually
                  | fast. [potion of mutation]
 18990 | D:7      | Gained mutation: Your muscles are strong. (Str +4, Int/Dex
                  | -1) [potion of mutation]
 18991 | D:7      | Lost mutation: You have a pair of small antennae on your
                  | head. [potion of mutation]
 18991 | D:7      | Lost mutation: Your mind is acute. (Int +4, Str/Dex -1)
                  | [potion of mutation]
 18991 | D:7      | Lost mutation: Your muscles are strong. (Str +4, Int/Dex
                  | -1) [potion of mutation]
 18991 | D:7      | Gained mutation: You are weak. (Str -2) [potion of
                  | mutation]
 18991 | D:7      | Gained mutation: You possess an exceptional clarity of
                  | mind. [potion of mutation]
 19148 | D:5      | Killed qeuew's ghost
 19307 | D:9      | Killed AigisTheKnight's ghost
 19510 | Lair:4   | Found a viscous altar of Jiyva.
 19511 | Lair:4   | Found a staircase to the Slime Pits.
 20346 | Lair:5   | Entered Level 5 of the Lair of Beasts
 20449 | Lair:5   | Reached XP level 15. HP: 58/116 MP: 0/0
 20449 | Lair:5   | Learned a level 6 spell: Summon Cactus Giant
 20991 | Lair:5   | Found a runed translucent gate.
 20991 | Lair:5   | Found a runed translucent gate.
 20991 | Lair:5   | Found a runed translucent gate.
 20992 | Lair:5   | Noticed qeuew's ghost (journeyman FoFi)
 21322 | Lair:5   | Identified the ring of Amelioration {Fire Will+ Str+5}
 21333 | Lair:5   | Reached XP level 16. HP: 123/123 MP: 0/0
 21550 | Lair:5   | Killed qeuew's ghost
 21812 | Orc:1    | Entered Level 1 of the Orcish Mines
 22011 | Orc:2    | Entered Level 2 of the Orcish Mines
 22011 | Orc:2    | Noticed Donald
 22022 | Orc:2    | Killed Donald
 22114 | Orc:1    | Noticed Josephine
 22117 | Orc:1    | Noticed Nergalle
 22132 | Orc:2    | Killed Josephine
 22274 | Orc:1    | Killed Nergalle
 22675 | Orc:2    | Found a staircase to the Elven Halls.
 22722 | Orc:2    | Noticed Azrael
 22747 | Orc:1    | Killed Azrael
 22817 | Orc:1    | Reached skill level 15 in Invocations
 23257 | Orc:2    | Found Monwosag's Book Shop.
 23257 | Orc:2    | Found Ynik's Distillery.
 23257 | Orc:2    | Found Nerok's Book Shoppe.
 23260 | Orc:2    | Found Umohic's General Store.
 23652 | D:12     | You are sucked into a shaft and drop 1 floor!
 23652 | D:13     | Found a transporter.
 24746 | D:13     | Reached XP level 17. HP: 129/130 MP: 0/0
 24746 | D:13     | Learned a level 6 spell: Dispersal
 24816 | D:13     | Reached skill level 15 in Fighting
 25033 | D:13     | Identified the ring "Aroeg" {rN+ Str+3 Dex+5 Slay+4}
 25303 | D:13     | Found a gate to the Vaults.
 25391 | D:13     | Found a transporter.
 25771 | D:14     | Found an iron altar of Okawaru.
 26242 | D:15     | Entered Level 15 of the Dungeon
 26859 | D:15     | Found a staircase to the Depths.
 27360 | Snake:1  | Entered Level 1 of the Snake Pit
 27525 | Snake:1  | You are sucked into a shaft and drop 1 floor!
 27587 | Snake:2  | Noticed Vashnia
 27598 | Snake:2  | Killed Vashnia
 27756 | Snake:2  | Noticed Aizul
 27776 | Snake:2  | Reached XP level 18. HP: 133/139 MP: 0/0
 27779 | Snake:2  | Killed Aizul
 28934 | Orc:2    | Bought a potion of heal wounds for 70 gold pieces
 29696 | Snake:3  | Found Waxunud's Book Emporium.
 29795 | Snake:3  | Found Oshaupto's Jewellery Shop.
 29796 | Snake:3  | Found Eddaj's Book Emporium.
 30421 | Swamp:1  | Entered Level 1 of the Swamp
 30433 | Swamp:1  | Reached skill level 5 in Evocations
 30507 | Swamp:1  | Found a runed translucent gate.
 30507 | Swamp:1  | Found a runed translucent gate.
 30507 | Swamp:1  | Found a runed translucent gate.
 30697 | Swamp:1  | Noticed a tentacled monstrosity
 30716 | Swamp:1  | Killed a tentacled monstrosity
 30954 | Swamp:1  | Noticed Aneyh's ghost (journeyman TeMo)
 31166 | Swamp:1  | Killed Aneyh's ghost
 31422 | Swamp:2  | Reached XP level 19. HP: 148/148 MP: 0/0
 31422 | Swamp:2  | Learned a level 6 spell: Simulacrum
 31750 | Swamp:3  | Noticed Bai Suzhen
 31910 | Swamp:3  | Killed Bai Suzhen
 31928 | Swamp:3  | Killed from afar by an eleionoma

Illustrated notes

Levels and vault maps discovered:
D:1:      kilobyte_arrival_exit_the_forest, layout_basic,
          hangedman_abyss_or_decor_lesser_grid, serial_bayou_lagoon_b
D:2:      layout_loops_corners, kennysheep_donut, palyth_stone_intersect,
          nrook_mini_backslash, due_unseen_surprise
D:3:      layout_loops_ring, uniq_jessica
D:4:      layout_rooms, minmay_temple_entry_drinking_statues, kennysheep_dice,
          uniq_edmund
D:5:      layout_basic, lemuel_tele_altar, gammafunk_temple_overflow_wave,
          gammafunk_ghost_stat_death, dreamdust_gnoll_farm
D:6:      minmay_chambers_of_threes, layout_loops_ring, tgw_xom,
          lemuel_crystal_altar, minmay_misc_feat_cross,
          chequers_serial_rivers_micro_c, uniq_menkaure, uniq_maggie,
          uniq_blork_the_orc
D:7:      cheibrodos_steamvent, layout_basic, serial_shops,
          kennysheep_little_box, mrwooster_statue_mirror,
          hangedman_decor_growths
D:8:      kennysheep_windowed_halls, layout_basic, lemuel_blue_sif_altar,
          erik_lair_orcish_takeover
D:9:      layout_stronghold, gammafunk_ghost_ooze
D:10:     layout_basic, moated_statue
D:11:     layout_irregular_city, orc_0_dummy, serial_shops,
          nicolae_shop_advertising_works [nicolae_subvault_shop_adworks],
          uniq_gastronok
D:12:     layout_stronghold, serial_bayou_pond_e
D:13:     layout_basic, david_vaults_4, nicolae_diode_stairs
D:14:     layout_loops_cross, okawaru_metal_pillars_1_2, minmay_liquid_box
D:15:     grunt_enter_depths_hoard, layout_basic
Temple:   nicolae_temple_bog_church
Lair:1:   layout_regular_city, serial_bayou_ford_a, patterned_corridor,
          uniq_grum
Lair:2:   layout_gridlike, guppyfry_snake_entry_garden
Lair:3:   layout_roguey, palyth_hydra_swamp_entry, uniq_rupert
Lair:4:   layout_regular_city, dpeg_slime_entry_corner, serial_forest,
          infiniplex_forest_straight_4, infiniplex_forest_straight_2,
          infiniplex_forest_clump_C, infiniplex_forest_clump_medium,
          infiniplex_forest_lined_room_2, infiniplex_forest_clump_curved,
          infiniplex_forest_corner_2, portal_ice_cave_entry_pillars_2,
          serial_bayou_shore_a, infiniplex_staircase_pool, lemuel_fruit_tree
Lair:5:   gammafunk_lair_ancient_temple, layout_regular_city,
          gammafunk_ghost_necromancy, grunt_megastairs_5
Swamp:1:  layout_falls_marsh, gammafunk_ghost_hydra_chop,
          nicolae_swamp_ascending_descending, nicolae_swamp_triple_paths,
          swamp_pool3
Swamp:2:  layout_basic_swamp, evilmike_swamp_ruin_rubble_2
Swamp:3:  layout_basic_swamp, serial_swamp_ruin, evilmike_swamp_ruin_house_3,
          evilmike_swamp_ruin_house_6, evilmike_swamp_ruin_house_1,
          uniq_bai_suzhen
Snake:1:  layout_basic
Snake:2:  layout_onion, nicolae_snake_single_loop, uniq_vashnia, uniq_aizul
Snake:3:  layout_rooms, st_stairs_4, minmay_shop_grove
Orc:1:    layout_caves, uniq_josephine, uniq_nergalle
Orc:2:    st_orc_rangers, layout_diamond_mine, nicolae_orc_lava_room,
          uniq_donald, uniq_azrael

Skill      XL: |  1  2  3  4  5  6  7  8  9 10 11 12 13 14 15 16 17 18 |
---------------+-------------------------------------------------------+-----
Fighting       | 1 2 3 4 6 7 9 11 12 13 14 16 17 | 17.3
Spellcasting   | 3 4 5 6 7 8 9 10 11 12 13 14 | 14.1
Invocations    | 2 4 5 7 9 10 12 13 14 15 16 17 | 17.6
Evocations     | 1 3 4 6 |  6.5
Shields        | 1 4 5 8 9 |  9.0
Dodging        | |  2.1
Stealth        | |  1.5

Action                   |  1- 3 |  4- 6 |  7- 9 | 10-12 | 13-15 | 16-18 | 19-21 || total
-------------------------+-------+-------+-------+-------+-------+-------+-------++-------
Melee: Dagger            |    12 |    10 |       |       |       |       |       ||    22
       Spear             |       |    13 |       |       |       |       |       ||    13
       Flail             |       |       |    42 |   116 |       |    13 |       ||   171
 Fire: Sling             |       |       |       |   185 |   160 |   151 |     7 ||   503
 Cast: Sting             |    46 |    52 |    84 |    34 |     1 |       |       ||   217
       Poisonous Vapours |    30 |    22 |    23 |    66 |    68 |    34 |       ||   243
       Mephitic Cloud    |       |     4 |     6 |    27 |    30 |    23 |       ||    90
       Static Discharge  |       |     2 |       |       |       |       |       ||     2
       Olgreb's Toxic Ra |       |       |     6 |    21 |    24 |    31 |       ||    82
       Stone Arrow       |       |       |    20 |    75 |   270 |   662 |    42 ||  1069
       Vampiric Draining |       |       |       |     2 |       |     8 |       ||    10
       Freezing Cloud    |       |       |       |       |    15 |    22 |     1 ||    38
       Summon Cactus Gia |       |       |       |       |     3 |     7 |     1 ||    11
       Petrify           |       |       |       |       |       |     3 |     2 ||     5
       Dispersal         |       |       |       |       |       |     2 |       ||     2
       Simulacrum        |       |       |       |       |       |       |     1 ||     1
Invok: Greater Servant o |       |       |       |       |       |     2 |       ||     2
Evoke: Wand              |       |       |     1 |       |     1 |     7 |       ||     9
  Use: Scroll            |       |    11 |     8 |     9 |     9 |     3 |       ||    40
       Potion            |       |       |     1 |     1 |     5 |     4 |       ||    11
 Stab: Confused          |       |       |     1 |     1 |       |       |       ||     2
Armor: Robe              |     5 |    12 |    13 |       |       |       |       ||    30
       Acid dragon scale |       |       |    24 |       |       |       |       ||    24
       Steam dragon scal |       |       |     5 |    75 |    40 |    93 |     8 ||   221
       Leather armour    |       |       |       |       |    23 |       |       ||    23
Dodge: Dodged            |    28 |    31 |    60 |   134 |   108 |   112 |     8 ||   481
Block: Buckler           |       |       |    17 |    77 |    29 |       |       ||   123
       Tower shield      |       |       |       |       |   137 |   818 |    46 ||  1001
       Reflection        |       |       |       |       |       |    78 |     5 ||    83

Table legend: (Time is in decaauts)
 A = Elapsed time spent in this place.
 B = Non-inter-level travel time spent in this place.
 C = Inter-level travel time spent in this place.
 D = Time resting spent in this place.
 E = Time spent auto-exploring this place.
 F = Levels seen in this place.
 G = Mean time per level.
                   A        B        C        D        E       F      G
               +--------+--------+--------+--------+--------+-----+--------+
         Total |  32328 |  29693 |   2635 |   2033 |  21326 |  30 | 1077.6 |
       Dungeon |  18036 |  16543 |   1493 |    537 |  12861 |  15 | 1202.4 |
        Temple |    310 |    295 |     15 |    164 |    107 |   1 |  310.0 |
          Lair |   6026 |   5441 |    585 |    298 |   3991 |   5 | 1205.2 |
         Swamp |   1507 |   1416 |     91 |    223 |    771 |   3 |  502.3 |
     Snake Pit |   2699 |   2420 |    279 |    166 |   1587 |   3 |  899.7 |
  Orcish Mines |   1900 |   1729 |    171 |    320 |    914 |   2 |  950.0 |
      Ice Cave |   1848 |   1848 |      0 |    325 |   1095 |   1 | 1848.0 |
               +--------+--------+--------+--------+--------+-----+--------+

Top non-repeatable levels by time:
     D:8: 1852 daAuts
   IceCv: 1848 daAuts
  Lair:1: 1528 daAuts
    D:10: 1469 daAuts
     D:7: 1454 daAuts
     D:6: 1405 daAuts
     D:2: 1399 daAuts
    D:11: 1320 daAuts
     D:5: 1308 daAuts
  Lair:5: 1267 daAuts
     D:9: 1188 daAuts
 Snake:1: 1170 daAuts
  Lair:4: 1168 daAuts
    D:13: 1122 daAuts
  Lair:2: 1107 daAuts
